 Dungeon Crawl Stone Soup version 0.25.1-8-g42b30a86e7 (webtiles) character file.

Game seed: 11427690615460170722

180 gruber the Chiller (level 5, -3/35 HPs)
             Began as a Demonspawn Ice Elementalist on Dec 21, 2020.
             Slain by a centaur skeleton (5 damage)
             ... on level 3 of the Dungeon.
             The game lasted 00:02:19 (2196 turns).

gruber the Chiller (Demonspawn Ice Elementalist)    Turns: 2196, Time: 00:02:19

Health: -3/35      AC:  4    Str:  8    XL:     5   Next: 33%
Magic:  4/8        EV: 12    Int: 17    God:
Gold:   84         SH:  0    Dex: 14    Spells: 4/8 levels left

rFire    + . .     SeeInvis .   s - +0 falchion
rCold    . . .     Gourm    .   (no shield)
rNeg     . . .     Faith    .   a - +0 robe
rPois    .         Spirit   .   (no helmet)
rElec    .         Reflect  .   m - scarf {+Inv}
rCorr    .         Harm     .   (no gloves)
MR       .....                  (no boots)
Stlth    ++........             (no amulet)
HPRegen  0.11/turn              g - ring of protection from fire
MPRegen  0.11/turn              (no ring)

@: frozen ramparts
A: talons 1, molten scales 1, powered by death 1
a: Evoke Invisibility


You were on level 3 of the Dungeon.
You were hungry.

You visited 1 branch of the dungeon, and saw 3 of its levels.

You collected 84 gold pieces.

Inventory:

Hand Weapons
 s - a +0 falchion (weapon)
Armour
 a - a +0 robe (worn)
 m - a scarf of invisibility (worn)
Jewellery
 g - a ring of protection from fire (left hand)
 u - an uncursed ring of protection from cold {unknown}
Wands
 o - a wand of random effects (16)
Scrolls
 e - 4 scrolls of remove curse {unknown}
 p - a scroll of blinking {unknown}
 t - a scroll of fog {unknown}
 v - a scroll of magic mapping {unknown}
Potions
 b - a potion of magic {unknown}
 d - 2 potions of lignification {unknown}
 f - 2 potions of haste {unknown}
 h - a potion of degeneration {unknown}
 i - 2 potions of curing {unknown}
 j - a potion of stabbing {unknown}
 k - 2 potions of mutation {unknown}
 l - 2 potions of ambrosia {unknown}
 n - 3 potions of brilliance {unknown}
 r - a potion of flight {unknown}
Comestibles
 c - 9 rations
 q - a chunk of flesh


   Skills:
 - Level 1.7 Dodging
 - Level 1.7 Stealth
 - Level 2.0 Spellcasting
 + Level 6.1 Ice Magic


You had 4 spell levels left.
You knew the following spells:

 Your Spells              Type           Power        Failure   Level  Hunger
a - Freeze                Ice            ###.         1%          1    #......
b - Frozen Ramparts       Ice            ###...       4%          3    ###....

Your spell library contained the following spells:

 Spells                   Type           Power        Failure   Level  Hunger
 Ozocubu's Armour         Chrm/Ice       ##......     17%         3    ###....
 Hailstorm                Conj/Ice       ##......     50%         4    #####..
 Summon Ice Beast         Ice/Summ       ##......     50%         4    #####..


Dungeon Overview and Level Annotations

Branches:
Dungeon (3/15)

Altars:
Dithmenos
Trog
The Shining One


Innate Abilities, Weirdness & Mutations

You have sharp toenails.
You are partially covered in molten scales. (AC +2)
You regenerate a little health from kills.


Message History

You hit the centaur skeleton.
The centaur skeleton is severely damaged.
The centaur skeleton completely resists.
The wall freezes the centaur skeleton but do no damage.
The centaur skeleton barely misses you.
The centaur skeleton completely resists.
The wall freezes the centaur skeleton but do no damage.
The centaur skeleton hits you.
* * * LOW HITPOINT WARNING * * *
You hit the centaur skeleton but do no damage.
You claw the centaur skeleton, but do no damage.
The centaur skeleton is severely damaged.
The centaur skeleton completely resists.
The wall freezes the centaur skeleton but do no damage.
The centaur skeleton hits you.
* * * LOW HITPOINT WARNING * * *
The centaur skeleton completely resists.
The wall freezes the centaur skeleton but do no damage.
The centaur skeleton hits you.
You die...

#.# #.##############
###.#....÷.......#
....#.##########.###
#####.# #.#..#.#..
......# ..:.#.#.#
####### #..#.#.# #
#.#.†#.#†###.## #
#....Z@.......# #
######.#.###### #
...#.# # #####.# #
.# .# .# .#


You could see a centaur skeleton.

Vanquished Creatures
  A hound (D:3)
  An orc priest (D:3)
  Jessica (D:2)
  Terence (D:2)
  An adder (D:3)
  An ooze (D:2)
  A dart slug (D:1)
  A leopard gecko (D:3)
  4 orcs (D:3)
  A ball python (D:3)
  3 giant cockroaches (D:3)
  6 goblins
  6 hobgoblins
  4 jackals
  4 kobolds
  7 bats
  4 frilled lizards
  4 rats
51 creatures vanquished.

Notes
Turn   | Place    | Note
-------+----------+-------------------------------------------
     0 | D:1      | gruber the Demonspawn Ice Elementalist began the quest for
                  | the Orb.
     0 | D:1      | Reached XP level 1. HP: 13/13 MP: 3/3
   302 | D:1      | Reached skill level 4 in Ice Magic
   315 | D:1      | Gained mutation: You regenerate a little health from kills.
                  | [demonic ancestry]
   315 | D:1      | Reached XP level 2. HP: 16/19 MP: 0/5
   852 | D:2      | Found a shadowy altar of Dithmenos.
   938 | D:2      | Found a bloodstained altar of Trog.
   956 | D:2      | Noticed Jessica
   963 | D:2      | Killed Jessica
   963 | D:2      | Gained mutation: You are partially covered in molten
                  | scales. (AC +2) [demonic ancestry]
   963 | D:2      | Reached XP level 3. HP: 24/24 MP: 2/6
  1043 | D:2      | Found a glowing golden altar of the Shining One.
  1113 | D:2      | Noticed Terence
  1121 | D:2      | Killed Terence
  1121 | D:2      | Reached skill level 5 in Ice Magic
  1121 | D:2      | Reached XP level 4. HP: 30/30 MP: 2/7
  1193 | D:2      | Learned a level 3 spell: Frozen Ramparts
  1929 | D:3      | Gained mutation: You have sharp toenails. [demonic
                  | ancestry]
  1929 | D:3      | Reached XP level 5. HP: 26/35 MP: 3/8
  2155 | D:3      | Reached skill level 6 in Ice Magic
  2196 | D:3      | Slain by a centaur skeleton

Illustrated notes

Levels and vault maps discovered:
D:1:      ncdulo_lavacross, layout_rooms, serial_forest,
          infiniplex_forest_clump_large, infiniplex_forest_clump_long,
          infiniplex_forest_lined_ring, infiniplex_forest_zigzag_1,
          infiniplex_forest_lined_room_2, infiniplex_forest_end_2
D:2:      layout_rooms, old_standard_altar,
          nicolae_dithmenos_through_a_glass_darkly, marbit_many_paths,
          first_ration, chequers_serial_rivers_large_a, uniq_jessica,
          uniq_terence
D:3:      layout_basic

Skill      XL: |  1  2  3  4  5 |
---------------+----------------+-----
Ice Magic      | 4 5 6 |  6.1
Dodging        | |  1.7
Stealth        | |  1.7
Spellcasting   | |  2.0

Action                   |  1- 3 |  4- 6 || total
-------------------------+-------+-------++-------
Melee: Unarmed           |    25 |    11 ||    36
       Falchion          |       |    39 ||    39
       Kick              |       |     5 ||     5
 Cast: Freeze            |    34 |    13 ||    47
       Frozen Ramparts   |       |     6 ||     6
 Stab: Sleeping          |     1 |     1 ||     2
  Eat: Chunk             |     1 |     4 ||     5
Armor: Robe              |    13 |    19 ||    32
Dodge: Dodged            |    33 |    59 ||    92
       Rpst.: Falchion   |       |    11 ||    11
